 Dungeon Crawl Stone Soup version 0.31-a0-986-g5e6e4ef867 (webtiles) character file.

Game seed: 4244285082215755512

18309 lunkers the Geomancer (level 13, -4/107 HPs)
             Began as a Meteoran Earth Elementalist on Nov 8, 2023.
             Was a Priest of Vehumet.
             Slain by a spectral dire elephant (11 damage)
             ... on level 5 of the Lair of Beasts on Nov 9, 2023.
             The game lasted 00:20:32 (4722 turns).

lunkers the Geomancer (Meteoran Earth Elementalist) Turns: 4722, Time: 00:20:33

Health: -4/107     AC:  9    Str: 10    XL:     13   Next: 22%
Magic:  0/38       EV: 16    Int: 22    God:    Vehumet [***...]
Gold:   495        SH:  0    Dex: 18    Spells: 20/34 levels left

rFire   + . .        j - staff of earth
rCold   . . .        (no shield)
rNeg    . . .        B - +1 leather armour {Will+}
rPois   +            (no helmet)
rElec   .            A - +0 cloak {rPois}
rCorr   .            C - +2 pair of gloves
SInv    .            w - +0 pair of boots {Stlth+}
Will    +++..        k - amulet of Ycoth {Spirit rPois rF+ Regen+ Dex+3}
Stlth   +            m - ring of magical power
HPRegen 1.17/turn    g - ring of willpower
MPRegen 0.26/turn

%: guardian spirit
@: glowing
A: sense surroundings 2, otherworldly, glowing, explore regen
a: Renounce Religion


You were on level 5 of the Lair of Beasts.
You worshipped Vehumet.
Vehumet was most pleased with you.
You visited 2 branches of the dungeon, and saw 14 of its levels.

You collected 495 gold pieces.

Inventory:

Missiles
 q - a throwing net
Armour
 w - a +0 pair of boots of stealth (worn)
 A - a +0 cloak of poison resistance (worn)
 B - a +1 leather armour of willpower (worn)
 C - a +2 pair of gloves (worn)
 D - a +2 leather armour of fire resistance
 H - a scarf of shadows
Magical Staves
 j - a staff of earth (weapon)
Jewellery
 e - a ring of protection from fire
 g - a ring of willpower (right hand)
 k - the amulet of Ycoth (around neck) {Spirit rPois rF+ Regen+ Dex+3}
   (You acquired it on level 7 of the Dungeon)

   [amulet of guardian spirit]

   Spirit:    It causes incoming damage to be divided between your reserves of
   health and magic.
   Dex+3:     It affects your dexterity (+3).
   rF+:       It protects you from fire.
   rPois:     It protects you from poison Regen+: It increases your rate of
   health regeneration.
 m - a ring of magical power (left hand)
 y - an amulet of faith
Wands
 x - a wand of acid (14)
 z - a wand of flame (18)
 E - a wand of paralysis (4)
Scrolls
 f - 3 scrolls of vulnerability
 i - 2 scrolls of silence
 n - 2 scrolls of enchant weapon
 p - 2 scrolls of fear
 F - a scroll of amnesia
 I - a scroll of revelation
Potions
 a - a potion of attraction {unknown}
 b - a potion of magic
 c - a potion of curing
 d - a potion of cancellation
 h - 2 potions of berserk rage
 l - a potion of brilliance {unknown}
 o - a potion of invisibility {unknown}
 s - a potion of mutation {unknown}
 t - a potion of haste {unknown}
 u - a potion of enlightenment {unknown}
 v - a potion of lignification {unknown}
 G - 2 potions of resistance {unknown}


   Skills:
 + Level 7.8 Fighting
 + Level 8.2 Staves
 + Level 8.1 Dodging
 - Level 1.4 Stealth
 - Level 11.0 Spellcasting
 + Level 6.3 Conjurations
 - Level 1.2 Transmutations
 - Level 14.2 Earth Magic
 - Level 6.0 Evocations


You had 20 spell levels left.
You knew the following spells:

 Your Spells              Type           Power      Damage    Failure   Level
a - Sandblast             Erth           100%       2d20      0%          1
b - Petrify               Tmut/Erth      62%        N/A       3%          4
c - Stone Arrow           Conj/Erth      100%       3d13      1%          3
d - Passwall              Tmut/Erth      51%        N/A       1%          2
e - Brom's Barrelling Bo  Conj/Erth      72%        2d9       1%          4

Your spell library contained the following spells:

 Spells                   Type           Power      Damage    Failure   Level
 Iskenderun's Mystic Bla  Conj/Tloc      26%        2d7       5%          4
 Ignite Poison            Fire/Tmut/Pois 13%        N/A       5%          3
 Sticky Flame             Conj/Fire      26%        2d5       5%          4
 Wereblood                Tmut           17%        N/A       7%          2
 Lesser Beckoning         Tloc           24%        N/A       11%         2
 Sublimation of Blood     Necr           12%        N/A       11%         2
 Arcjolt                  Conj/Air       13%        1d23      16%         5
 Gell's Gravitas          Tloc           12%        N/A       22%         3
 Teleport Other           Tloc           12%        N/A       22%         3
 Tukima's Dance           Hex            12%        N/A       22%         3
 Yara's Violent Unravell  Hex/Tmut       7%         3d5       36%         5
 Passage of Golubria      Tloc           12%        N/A       58%         4
 Vhi's Electric Charge    Tloc/Air       24%        N/A       58%         4
 Summon Hydra             Summ           6%         N/A       100%        7
 Ignition                 Fire           6%         3d4       100%        8
 Maxwell's Capacitive Co  Air            6%         ∞         100%        8


Dungeon Overview and Level Annotations

Branches:
Dungeon (9/15) Zot: 1627     Lair (5/5) D:9 Zot: 1881   Slime (0/5) Lair:5
 Temple: D:4-7        Swamp: Lair:2-3    Shoals: Lair:2-3     Snake: Lair:2-3
 Spider: Lair:2-3       Orc: D:9-12

Altars:
Ashenzari
Fedhas
Ru
Vehumet
The Shining One
Jiyva

Annotations:
Lair:5 exclusions: obsidian statue and oklob plant


Innate Abilities, Weirdness & Mutations

You passively map the area around you.
You are easily found by Zot.
You glow in the dark.
You regain HP and MP as you explore.


Message History

Unknown command.
Unknown command.
Aiming: Sandblast (safe; 0% risk of failure)
Press: ? - help, Q - select action, (/) - cycle Shift-Dir - straight line, f/p - elephant
Aim: an elephant (almost dead, 100% to hit)
You feel a surge of power!
The blast of sand hits the elephant!
You kill the elephant!
Vehumet accepts your kill.
You feel your power returning.
* * * LOW MAGIC WARNING * * *
The spectral dire elephant tramples you but does no damage.
The spectral dire elephant trunk-slaps you but does no damage.
The spectral dire elephant tramples you.
* * * LOW HITPOINT WARNING * * *
You stumble backwards!
Your life force feels restored.
Aiming: Sandblast (safe; 0% risk of failure)
Press: ? - help, Q - select action, (/) - cycle Shift-Dir - straight line, f - spectral dire elephant
Aim: a spectral dire elephant (100% to hit)
You feel a surge of power!
The blast of sand hits the spectral dire elephant but does no damage.
* * * LOW MAGIC WARNING * * *
The spectral dire elephant tramples you!!
* * * LOW MAGIC WARNING * * *
* * * LOW HITPOINT WARNING * * *
You stumble backwards!
Unknown command.
Aiming: Paralyse
Press: ? - help, Shift-Dir - straight line, f/p - spectral dire elephant
Aim: a spectral dire elephant (infinite will)
Okay, then.
Aiming: Corrosive Bolt
Press: ? - help, Shift-Dir - straight line, f/p - spectral dire elephant
Aim: a spectral dire elephant (100% to hit)
The bolt of acid hits the spectral dire elephant!
The acid corrodes the spectral dire elephant!
The spectral dire elephant is lightly damaged.
The spectral dire elephant tramples you!
* * * LOW MAGIC WARNING * * *
You die...

,<,,,,,,,,,<,⌠*,*....#...#..#....
,,,,,*,,,,,,,,,,,................
⌠,⌠,,,,,#.,⌠,##,,................
,,,,,,,##..**#..*....##..#.....##
,,,,,,,#...###.##....#..##.#..P..
,,,,*,##................<........
,*,*,,#.................(........
,,,,,*.#.........###.#..#.###....
,,,,**.........#@#.#......P#..#..
*,**,,.........Z.................
,,,,,,,..........................
,...,,,..##......P.P..#.##.#.##..
#...*,*,,*###...##.#.####.###.P..
P..#*,**#..#...P##.#...###.......
....,,,..........................
....,,,..........................
.#***,..P#..#....P...###..##..##.


You could see a spectral dire elephant (corroded).

Vanquished Creatures
  Nessos (Lair:5)
  A dire elephant (Lair:5)
  A hydra (Lair:4)
  A two-headed ogre (D:8)
  Pikel (D:7)
  2 oklob plants
  4 elephants (Lair:5)
  2 black mambas (Lair:4)
  Joseph (D:7)
  A torpor snail (Lair:4)
  6 cane toads
  A rime drake (Lair:5)
  7 komodo dragons
  A dire elephant skeleton (Lair:5)
  A hornet (D:8)
  2 spectral elephants (Lair:5)
  9 blink frogs
  2 slime creatures (Lair:5)
  2 yaks (Lair:4)
  A basilisk (Lair:3)
  A death yak simulacrum (Lair:5)
  10 water moccasins
  Duvessa (D:7)
  3 ice beasts
  4 sky beasts
  A black bear (D:6)
  An elephant zombie (Lair:5)
  3 ogres
  7 wolves
  A phantom (D:5)
  3 kobold brigands
  8 bullfrogs
  A gnoll sergeant (D:7)
  A cane toad simulacrum (Lair:5)
  A scorpion (D:4)
  Dowan (D:7)
  An elephant simulacrum (Lair:5)
  3 jellies
  2 hounds (D:5)
  Crazy Yiuf (D:7)
  2 orc priests (D:8)
  2 gnoll boudas (D:5)
  Natasha (thrice) (D:2)
  2 sleepcaps
  An iguana (D:9)
  An orc wizard (D:8)
  5 adders
  16 gnolls
  2 white imps
  2 worms
  A dart slug (D:4)
  6 orcs
  6 bats
  7 endoplasms
  4 giant cockroaches
  7 goblins
  4 hobgoblins
  4 quokkas
  6 ball pythons
  2 frilled lizards (D:2)
  19 kobolds
  4 rats
207 creatures vanquished.

Vanquished Creatures (collateral kills)
  3 boulders (Lair:5)
3 creatures vanquished.

Vanquished Creatures (others)
  4 boulders (Lair:5)
  A butterfly (D:9)
5 creatures vanquished.

Grand Total: 215 creatures vanquished

Notes
Turn   | Place    | Note
-------+----------+-------------------------------------------
     0 | D:1      | lunkers the Meteoran Earth Elementalist began the quest for
                  | the Orb.
     0 | D:1      | Reached XP level 1. HP: 14/14 MP: 5/5
   144 | D:1      | Reached XP level 2. HP: 20/20 MP: 4/6
   147 | D:1      | Reached skill level 4 in Earth Magic
   494 | D:1      | Glimpsed the power of Zot.
   544 | D:1      | Glimpsed the power of Zot.
   559 | D:2      | Reached XP level 3. HP: 26/26 MP: 4/8
   640 | D:2      | Found a faded altar of an unknown god.
   664 | D:2      | Noticed Natasha
   671 | D:2      | Killed Natasha
   672 | D:2      | Reached skill level 5 in Earth Magic
   672 | D:2      | Reached XP level 4. HP: 24/33 MP: 6/10
   771 | D:2      | Learned a level 3 spell: Stone Arrow
   776 | D:2      | Learned a level 4 spell: Petrify
   779 | D:2      | Learned a level 2 spell: Passwall
   819 | D:2      | Noticed Natasha
   822 | D:2      | Killed Natasha
   823 | D:2      | Reached XP level 5. HP: 38/38 MP: 9/12
   837 | D:2      | Noticed Natasha
   873 | D:2      | Killed Natasha
  1209 | D:3      | Identified the +2 buckler of the Bulwark {rF++ rC+ Int+4
                  | Stlth-}
  1209 | D:3      | Noticed a gnoll sergeant
  1213 | D:3      | You fall into a shaft and drop 3 floors!
  1284 | D:6      | Reached skill level 6 in Earth Magic
  1316 | D:6      | Noticed a black bear
  1319 | D:6      | Killed a black bear
  1320 | D:6      | Reached XP level 6. HP: 45/45 MP: 11/14
  1554 | D:6      | Noticed an ogre
  1557 | D:6      | Killed an ogre
  1558 | D:6      | Reached skill level 5 in Spellcasting
  1558 | D:6      | Reached skill level 7 in Earth Magic
  1558 | D:6      | Reached XP level 7. HP: 50/50 MP: 11/15
  1584 | D:6      | Reached skill level 8 in Earth Magic
  1632 | D:5      | Entered Level 5 of the Dungeon
  1639 | D:5      | Reached XP level 8. HP: 57/57 MP: 14/18
  1664 | D:5      | Reached skill level 9 in Earth Magic
  2101 | D:4      | Found a blossoming altar of Fedhas.
  2233 | D:4      | Found a radiant altar of Vehumet.
  2381 | D:4      | Became a worshipper of Vehumet
  2462 | D:5      | Reached skill level 10 in Earth Magic
  2537 | D:6      | Gained mutation: You passively map the area around you.
                  | [Meteoran growth]
  2537 | D:6      | Reached XP level 9. HP: 46/62 MP: 17/20
  2542 | D:6      | Learned a level 4 spell: Brom's Barrelling Boulder
  2684 | D:7      | Identified 2 scrolls of acquirement
  2684 | D:7      | Acquired a staff of earth
  2706 | D:7      | Identified the "Piakis" (You acquired it on level 7 of the
                  | Dungeon)
  2706 | D:7      | Acquired the amulet of Ycoth {Spirit rPois rF+ Regen+
                  | Dex+3}
  2724 | D:7      | Noticed Duvessa
  2725 | D:7      | Noticed Dowan
  2731 | D:7      | Killed Duvessa
  2732 | D:7      | Reached skill level 11 in Earth Magic
  2735 | D:7      | Killed Dowan
  2777 | D:7      | Noticed Pikel
  2780 | D:7      | Killed Pikel
  2781 | D:7      | Reached skill level 12 in Earth Magic
  2960 | D:7      | Reached XP level 10. HP: 69/69 MP: 21/24
  2963 | D:7      | Reached * piety under Vehumet
  2963 | D:7      | Offered knowledge of Foxfire by Vehumet.
  3100 | D:7      | Found a runed translucent door.
  3101 | D:7      | Noticed Crazy Yiuf
  3106 | D:7      | Killed Crazy Yiuf
  3185 | D:7      | Found a sacrificial altar of Ru.
  3218 | D:7      | Noticed Joseph
  3229 | D:7      | Killed Joseph
  3230 | D:7      | Reached skill level 13 in Earth Magic
  3460 | D:8      | Reached skill level 10 in Spellcasting
  3460 | D:8      | Offered knowledge of Magic Dart by Vehumet.
  3518 | D:8      | Noticed a two-headed ogre
  3523 | D:8      | Killed a two-headed ogre
  3523 | D:8      | Reached ** piety under Vehumet
  3524 | D:8      | Reached skill level 1 in Fighting
  3524 | D:8      | Reached skill level 14 in Earth Magic
  3566 | D:8      | Found a broken altar of Ashenzari.
  3644 | D:9      | Found a staircase to the Lair.
  3645 | D:9      | Noticed a komodo dragon
  3655 | D:9      | Killed a komodo dragon
  3666 | Lair:1   | Entered Level 1 of the Lair of Beasts
  3666 | Lair:1   | Noticed an oklob plant
  3666 | Lair:1   | Found a radiant altar of Vehumet.
  3673 | Lair:1   | Killed an oklob plant
  3674 | Lair:1   | Reached XP level 11. HP: 57/80 MP: 13/26
  3761 | Lair:1   | HP: 3/83 [wolf (4)]
  3764 | Lair:1   | Reached skill level 5 in Conjurations
  3851 | Lair:1   | Reached skill level 1 in Evocations
  3900 | Lair:1   | Reached skill level 5 in Dodging
  3976 | Lair:4   | Noticed a seven-headed hydra
  3980 | Lair:4   | Killed a seven-headed hydra
  3998 | Lair:4   | Noticed a black mamba
  4003 | Lair:4   | Killed a black mamba
  4012 | Lair:4   | Offered knowledge of Hailstorm by Vehumet.
  4021 | Lair:4   | Reached skill level 5 in Fighting
  4022 | Lair:4   | Reached XP level 12. HP: 41/94 MP: 10/28
  4024 | Lair:4   | Reached skill level 5 in Staves
  4095 | Lair:4   | Reached *** piety under Vehumet
  4207 | Lair:5   | Entered Level 5 of the Lair of Beasts
  4221 | Lair:5   | Reached skill level 5 in Evocations
  4268 | Lair:5   | Noticed Nessos
  4277 | Lair:5   | Killed Nessos
  4319 | Lair:5   | Found a glowing golden altar of the Shining One.
  4363 | Lair:5   | Found a viscous altar of Jiyva.
  4365 | Lair:5   | Found a staircase to the Slime Pits.
  4425 | Lair:5   | Noticed a dire elephant
  4425 | Lair:5   | Noticed a dire elephant
  4425 | Lair:5   | Noticed a necromancer
  4425 | Lair:5   | Noticed a dire elephant
  4425 | Lair:5   | Noticed a dire elephant
  4460 | Lair:5   | Killed a dire elephant
  4460 | Lair:5   | Offered knowledge of Iskenderun's Mystic Blast by Vehumet.
  4530 | Lair:5   | Noticed an obsidian statue
  4574 | Lair:5   | Reached XP level 13. HP: 99/105 MP: 12/29
  4722 | Lair:5   | Slain by a spectral dire elephant

Illustrated notes

Levels and vault maps discovered:
D:1:      nzn_arrival_depleted_hourglass, layout_basic
D:2:      layout_rooms, hellmonk_ecumenical_altar_heavens_door, serial_shops,
          nicolae_shop_behind_doors, uniq_natasha
D:3:      layout_loops_corners, gammafunk_ghost_gnarly_gnolls
D:4:      layout_loops_ring, mainiacjoe_overflow_concentric_impassable,
          worldfamousw_hep_ancestral_shrine, nicolae_overflow_hidden_temple
D:5:      layout_gridville, minmay_misc_feat_square,
          nicolae_concentric_dashed_squares_wild, st_stairs_2, uniq_menkaure
D:6:      layout_loops_ring, portal_sewer_entry_e
D:7:      layout_gridville, nicolae_ru_the_path_less_chosen,
          minmay_temple_entry_mist, uniq_pikel, uniq_duvessa, uniq_joseph,
          uniq_crazy_yiuf_cottage
D:8:      layout_basic, minmay_overflow_temple_star_hex, amcnicky_altar_gilded,
          uniq_gastronok
D:9:      minmay_twisted_water, layout_basic, nicolae_elyvilon_peaceful_grove,
          david_lair_shrubbed, gammafunk_ghost_arena, uniq_psyche
Lair:1:   layout_hall_layers, lemuel_oklob_altar
Lair:2:   layout_cave_pods, minmay_shoals_entry_beasts,
          nicolae_spider_entry_orb_guardian, uniq_amaemon
Lair:3:   layout_long_grid, grunt_megastairs_3, infiniplex_staircase_pool
Lair:4:   nzn_winding_woodlands_huge [nzn_winding_woodlands_5x15_concentric,
          nzn_winding_woodlands_5x15_default,
          nzn_winding_woodlands_5x15_split_checker,
          nzn_winding_woodlands_5x15_default, nzn_winding_woodlands_5x15_zeroes,
          nzn_winding_woodlands_5x15_sidewinder, nzn_winding_woodlands_5x15_eye,
          nzn_winding_woodlands_5x15_crooked,
          nzn_winding_woodlands_5x15_pathside_ponds,
          nzn_winding_woodlands_5x15_twine, nzn_winding_woodlands_center_lodge,
          nzn_winding_woodlands_center_diamonds,
          nzn_winding_woodlands_15x15_five_gardens], layout_small_grid
Lair:5:   due_jungle_book, layout_long_grid, minmay_slime_entry_pillars,
          basic_altar, grunt_megastairs_2, serial_bayou_shore_b, uniq_nessos

Skill      XL: |  1  2  3  4  5  6  7  8  9 10 11 12 13 |
---------------+----------------------------------------+-----
Earth Magic    | 4 5 6 7 8 10 12 14 | 14.2
Spellcasting   | 3 4 5 6 7 9 10 11 | 11.0
Fighting       | 2 5 7 |  7.8
Dodging        | 3 5 7 8 |  8.1
Conjurations   | 2 5 6 |  6.3
Staves         | 4 7 8 |  8.2
Evocations     | 3 6 |  6.0
Stealth        | |  1.4
Transmutations | |  1.2

Action                     |  1- 3 |  4- 6 |  7- 9 | 10-12 | 13-15 || total
---------------------------+-------+-------+-------+-------+-------++-------
  Melee: Staff             |       |       |       |    31 |    19 ||    50
         Punch             |       |       |       |     1 |     1 ||     2
   Cast: Sandblast         |    34 |    24 |   103 |   181 |    11 ||   353
         Passwall          |       |       |     1 |       |       ||     1
         Stone Arrow       |       |       |     9 |    68 |    24 ||   101
         Brom's Barrelling |       |       |     2 |     6 |     2 ||    10
         Petrify           |       |       |       |     2 |       ||     2
  Evoke: Wand              |       |       |       |     6 |     3 ||     9
    Use: Scroll            |       |     4 |     6 |     4 |     2 ||    16
         Potion            |       |       |       |     1 |       ||     1
   Stab: Paralysed         |       |       |       |     3 |     7 ||    10
 Armour: Robe              |     5 |     1 |    36 |    11 |       ||    53
         Leather armour    |       |       |       |   157 |    76 ||   233
  Dodge: Dodged            |     2 |     1 |    46 |   141 |    55 ||   245

Table legend: (Time is in decaauts)
 A = Elapsed time spent in this place.
 B = Non-inter-level travel time spent in this place.
 C = Inter-level travel time spent in this place.
 D = Time resting spent in this place.
 E = Time spent auto-exploring this place.
 F = Levels seen in this place.
 G = Mean time per level.
                   A        B        C        D        E       F      G
               +--------+--------+--------+--------+--------+-----+--------+
         Total |   4889 |   4634 |    255 |     31 |   2920 |  14 |  349.2 |
       Dungeon |   3772 |   3517 |    255 |     31 |   2490 |   9 |  419.1 |
          Lair |   1117 |   1117 |      0 |      0 |    430 |   5 |  223.4 |
               +--------+--------+--------+--------+--------+-----+--------+

Top non-repeatable levels by time:
     D:7: 628 daAuts
     D:6: 603 daAuts
     D:1: 561 daAuts
     D:4: 541 daAuts
  Lair:5: 530 daAuts
     D:5: 388 daAuts
     D:3: 373 daAuts
     D:8: 338 daAuts
     D:2: 302 daAuts
  Lair:1: 279 daAuts
  Lair:4: 255 daAuts
  Lair:3: 45 daAuts
     D:9: 33 daAuts
  Lair:2: 6 daAuts
